 Dungeon Crawl Stone Soup version 0.31-a0-819-gf6de2f5ab6 (webtiles) character file.

Game seed: 8338926621312474200

54 Leeroy the Changeling (level 3, -5/26 HPs)
             Began as a Merfolk Shapeshifter on Sept 23, 2023.
             Slain by Sigmund
             ... wielding a +0 scythe
              (7 damage)
             ... on level 2 of the Dungeon.
             The game lasted 00:01:14 (1313 turns).

Leeroy the Changeling (Merfolk Shapeshifter)        Turns: 1313, Time: 00:01:15

Health: -5/26      AC:  2    Str: 16    XL:     3   Next: 91%
Magic:  3/3        EV: 12    Int:  9    God:
Gold:   72         SH:  0    Dex: 13    Spells: 2/2 levels left

rFire   . .          .
                       - Unarmed
rCold   . . .        (no shield)
rNeg    . . .        a - +0 animal skin
rPois   .            (helmet currently unavailable)
rElec   .            (cloak currently unavailable)
rCorr   .            (gloves currently unavailable)
SInv    .            (boots currently unavailable)
Will    .....        (no amulet)
Stlth   +            (no ring)
HPRegen 0.24/turn    (no ring)
MPRegen 0.08/turn

%: no passive effects
@: beast-form
A: beast (slay +3), (nimble swimmer 2), mertail
a: Begin Untransformation


You were on level 2 of the Dungeon.
You were a hulking beast.
You visited 1 branch of the dungeon, and saw 2 of its levels.

You collected 72 gold pieces.

Inventory:

Armour
 a - a +0 animal skin (worn)
Jewellery
 h - a ring of resist corrosion
Talismans
 c - a beast talisman (active)
 d - a flux talisman
Scrolls
 g - a scroll of vulnerability {unknown}
 j - a scroll of identify {unknown}
 l - a scroll of acquirement {unknown}
 m - a scroll of poison {unknown}
Potions
 b - a potion of lignification
 e - 2 potions of haste {unknown}
 f - a potion of berserk rage {unknown}
 i - a potion of might {unknown}
 k - a potion of curing {unknown}


   Skills:
 - Level 1.1 Fighting
 - Level 2.6 Dodging
 - Level 3.2 Unarmed Combat
 + Level 5.9 Shapeshifting


You had 2 spell levels left.
You didn't know any spells.
Your spell library was empty.

Dungeon Overview and Level Annotations

Branches:
Dungeon (2/15)

Altars:

Shops:
D:1 !

Annotations:
D:2 Sigmund


Innate Abilities, Weirdness & Mutations

You are a hulking beast.
Your limbs bulge with bestial killing power. (Slay +3)
((You are very nimble when in or above water. (Stealth+, EV+, Speed+++)))
Your lower body shifts to a powerful aquatic tail in water.


Message History

You kill the giant cockroach!
No target in view!
No target in view!
You now have 72 gold pieces (gained 8).
m - a scroll labelled DELAIL QAOWE
Found a stone staircase leading down.
e - 2 purple potions (gained 1) Sigmund the Dreaded comes into view.
He is wielding a +0 scythe.
Sigmund shouts!
Sigmund barely misses you.
You hit Sigmund.
Sigmund is lightly wounded.
You hit Sigmund.
Sigmund is moderately wounded.
Sigmund points at you and mumbles some strange words.
The puff of flame hits you!
You barely miss Sigmund.
Sigmund is moderately wounded.
Sigmund hits you but does no damage.
You hit Sigmund.
Sigmund is heavily wounded.
Sigmund hits you with a +0 scythe!
You are too injured to fight recklessly!
You are too injured to fight recklessly!
You barely miss Sigmund.
Sigmund is heavily wounded.
You closely miss Sigmund.
Sigmund is heavily wounded.
Sigmund closely misses you.
You hit Sigmund.
Sigmund is severely wounded.
You closely miss Sigmund.
Sigmund is severely wounded.
Sigmund hits you with a +0 scythe!
* * * LOW HITPOINT WARNING * * *
You closely miss Sigmund.
Sigmund is severely wounded.
Sigmund hits you with a +0 scythe!
You die...
Sigmund begins carving another notch in his scythe.

#####.####.#
#..........###
#.###.###..... # #####.#
#.# #.#### #.#...#.###.#
#.# ###.#.#.#.# ...##.#
#.........# #.##..#
###...#...#.###.#...####
......@h...............+
###...#...#.##......####
#.. #.###.##...#.## #.
#.# #.##...### # ...
..###.## ##.# ## #.# #.#
#.# #.# #.# ##.## ###


You could see Sigmund.

Vanquished Creatures
  An adder (D:2)
  3 worms (D:2)
  A dart slug (D:2)
  2 ball pythons
  4 bats
  5 endoplasms
  4 giant cockroaches
  2 goblins
  A hobgoblin (D:2)
  5 kobolds
  A quokka (D:1)
  2 frilled lizards (D:1)
  2 rats (D:1)
33 creatures vanquished.

Notes
Turn   | Place    | Note
-------+----------+-------------------------------------------
     0 | D:1      | Leeroy the Merfolk Shapeshifter began the quest for the
                  | Orb.
     0 | D:1      | Reached XP level 1. HP: 15/15 MP: 1/1
   169 | D:1      | Reached XP level 2. HP: 16/21 MP: 2/2
   267 | D:1      | Found Petaso's Distillery.
   500 | D:1      | Reached skill level 5 in Shapeshifting
   784 | D:2      | Reached XP level 3. HP: 26/26 MP: 3/3
  1301 | D:2      | Noticed Sigmund
  1313 | D:2      | Slain by Sigmund

Illustrated notes

Levels and vault maps discovered:
D:1:      scummos_arrival_forest, layout_basic, serial_shops,
          nicolae_shop_gibbet_a_chance, minivault_4,
          chequers_serial_rivers_micro_a
D:2:      minmay_diamond_boxcup, layout_loops_corners, serial_shops,
          nicolae_shop_tiny_statue_garden, uniq_sigmund

Skill      XL: |  1  2 |
---------------+-------+-----
Shapeshifting  | 5 |  5.9
Fighting       | |  1.1
Dodging        | |  2.6
Unarmed Combat | |  3.2

Action                     || total
---------------------------++-------
  Melee: Unarmed           ||   103
         Punch             ||     1
   Stab: Sleeping          ||     4
 Armour: Animal skin       ||    38
  Dodge: Dodged            ||    52

Table legend: (Time is in decaauts)
 A = Elapsed time spent in this place.
 B = Non-inter-level travel time spent in this place.
 C = Inter-level travel time spent in this place.
 D = Time resting spent in this place.
 E = Time spent auto-exploring this place.
 F = Levels seen in this place.
 G = Mean time per level.
                   A        B        C        D        E       F      G
               +--------+--------+--------+--------+--------+-----+--------+
         Total |   1299 |   1273 |     26 |      0 |   1048 |   2 |  649.5 |
       Dungeon |   1299 |   1273 |     26 |      0 |   1048 |   2 |  649.5 |
               +--------+--------+--------+--------+--------+-----+--------+

Top non-repeatable levels by time:
     D:1: 674 daAuts
     D:2: 625 daAuts
